 Dungeon Crawl Stone Soup version 0.30-a0-989-g0d87f670db (webtiles) character file.

Game seed: 11341948708679430431

45991 cforsyth the Bludgeoner (level 14, -16/124 HPs)
             Began as a Formicid Fighter on Apr 3, 2023.
             Was an Initiate of Ru.
             Demolished by an orc warrior
             ... wielding a +0 glaive
             ... led by an orc knight
              (27 damage)
             ... on level 1 of the Orcish Mines.
             The game lasted 00:37:07 (21377 turns).

cforsyth the Bludgeoner (Formicid Fighter)         Turns: 21377, Time: 00:37:07

Health: -16/124    AC: 30    Str: 25    XL:     14   Next: 74%
Magic:  14/14      EV:  6    Int: 15    God:    Ru [......]
Gold:   2178       SH: 10    Dex: 13    Spells: 13/13 levels left

rFire   . . .      SeeInvis +    A - +2 morningstar (freeze)
rCold   . . .      Faith    .    c - +0 buckler
rNeg    . . .      Spirit   .    w - +9 plate armour "Viuc Larr" {Int+6}
rPois   +          Reflect  +    (helmet unavailable)
rElec   .          Rampage  .    P - +0 cloak {rCorr}
rCorr   +                        Y - +2 pair of gloves
Will    +....                    S - +0 pair of boots Stlth
                                 v - amulet of reflection
HPRegen 0.40/turn                e - +4 ring of protection
MPRegen 0.14/turn                o - ring of poison resistance

@: invisible
A: permanent stasis, dig shafts and tunnels, antennae 3, four strong arms
a: Dig, Shaft Self, Renounce Religion, Sacrifice Love, Sacrifice Resistance,
Sacrifice Nimbleness, Reject Sacrifices


You were on level 1 of the Orcish Mines.
You worshipped Ru.
Ru was noncommittal.
You visited 3 branches of the dungeon, and saw 18 of its levels.
You also visited: Bailey.

You collected 2178 gold pieces.

Inventory:

Hand Weapons
 y - a +1 great mace
 A - a +2 morningstar of freezing (weapon)
Armour
 c - a +0 buckler (worn)
 w - the +9 plate armour "Viuc Larr" (worn) {Int+6}
   (You found it on level 5 of the Dungeon)

   Int:       It affects your intelligence (+6).
 P - a +0 cloak of preservation (worn)
 S - a +0 pair of boots (worn)
 Y - a +2 pair of gloves (worn)
Jewellery
 e - a +4 ring of protection (left hand)
 g - a ring of fire
 k - a ring of willpower
 o - a ring of poison resistance (right hand)
 s - a ring of flight
 u - a ring of protection from fire
 v - an amulet of reflection (around neck)
 E - a ring of positive energy
 L - the ring "Ytivuoly" {Fire Str+3}
   (You found it on level 10 of the Dungeon)

   [ring of fire]

   It enhances your fire magic.
   Str:       It affects your strength (+3).
   rF:        It protects you from fire.
   rC:        It makes you vulnerable to cold.
 O - a ring of ice
 T - a +5 ring of evasion
Wands
 d - a wand of flame (68)
 B - a wand of roots (8)
 M - a wand of acid (4)
 N - a wand of mindburst (5)
Scrolls
 a - a scroll of silence {unknown}
 b - a scroll of immolation {unknown}
 h - 3 scrolls of amnesia {unknown}
 i - 2 scrolls of enchant armour {unknown}
 n - 3 scrolls of enchant weapon
 q - 3 scrolls of magic mapping {unknown}
 r - 8 scrolls of poison {unknown}
 x - 4 scrolls of fog
 C - 3 scrolls of fear {unknown}
 F - a scroll of brand weapon
 Q - 2 scrolls of summoning {unknown}
 U - a scroll of blinking {unknown}
 W - a scroll of vulnerability {unknown}
Potions
 f - a potion of curing
 j - 3 potions of flight
 l - 2 potions of mutation
 m - 3 potions of ambrosia
 z - 2 potions of might
 D - 3 potions of lignification
 G - 5 potions of magic
 I - a potion of invisibility
 J - a potion of experience
 K - 2 potions of brilliance
 R - a potion of attraction
 V - a potion of degeneration
 X - 2 potions of resistance


   Skills:
 - Level 15.7 Fighting
 * Level 19.7 Maces & Flails
 + Level 3.6 Armour
 + Level 4.4 Shields


You had 13 spell levels left.
You didn't know any spells.
Your spell library contained the following spells:

 Spells                   Type           Power      Damage    Failure   Level
 Foxfire                  Conj/Fire      0%         2x1d2     99%         1
 Sandblast                Erth           0%         2d4       99%         1
 Passwall                 Tmut/Erth      0%         N/A       100%        2
 Hailstorm                Conj/Ice       0%         3d3       100%        3
 Inner Flame              Hex/Fire       0%         N/A       100%        3
 Ozocubu's Armour         Ice            0%         N/A       100%        3
 Stone Arrow              Conj/Erth      0%         3d7       100%        3
 Summon Guardian Golem    Hex/Summ       0%         N/A       100%        3
 Cause Fear               Hex            0%         N/A       100%        4
 Ice Form                 Ice/Tmut       0%         N/A       100%        4
 Fireball                 Conj/Fire      0%         3d3       100%        5
 Conjure Ball Lightning   Conj/Air       0%         3x3d6     100%        6
 Simulacrum               Ice/Necr       0%         N/A       100%        6
 Starburst                Conj/Fire      0%         6d3       100%        6
 Orb of Destruction       Conj           0%         9d5       100%        7
 Ozocubu's Refrigeration  Ice            0%         4d7       100%        7
 Spellforged Servitor     Conj/Summ      0%         N/A       100%        7
 Discord                  Hex            0%         N/A       100%        8
 Disjunction              Tloc           0%         N/A       100%        8


Dungeon Overview and Level Annotations

Branches:
Dungeon (11/15)            Temple (0/1) D:6            Lair (5/5) D:9
 Shoals (0/4) Lair:2        Snake (0/4) Lair:2        Slime (0/5) Lair:5
    Orc (2/2) D:11            Elf (0/3) Orc:2        Bailey (visited)

Altars:
Fedhas
Kikubaaqudgha
Okawaru
Ru
Trog
Uskayaw
Vehumet
Wu Jian
Yredelemnul

Shops:
D:8 *

Annotations:
D:3 2 transporters, Rendar's ghost, weakling DsGl


Innate Abilities, Weirdness & Mutations

You cannot be hasted, slowed, berserked, paralysed or teleported.
You can dig through walls and to a lower floor.
You have a pair of large antennae on your head. (SInv)
Your four strong arms can wield two-handed weapons with a shield.


Message History

The orc warrior hits you with a +0 glaive.
* * * LOW HITPOINT WARNING * * *
You closely miss the orc knight.
The orc knight is heavily wounded.
The orc knight hits you but does no damage.
The orc warrior hits you with a +0 glaive!
* * * LOW HITPOINT WARNING * * *
You block the orc warrior's attack.
You thump the orc knight! You freeze the orc knight.
The orc knight is almost dead.
The orc knight hits you but does no damage.
The orc warrior hits you with a +0 glaive.
* * * LOW HITPOINT WARNING * * *
You strike the helpless orc knight from behind!
You hit the orc knight but do no damage.
The orc knight is almost dead.
The orc warrior no longer looks unusually strong.
You closely miss the orc knight.
The orc knight is almost dead.
The orc knight roars a battlecry!
The orc warriors go into a battle-frenzy!
The orc warrior hits you but does no damage.
You block the orc warrior's attack.
You sock the orc knight! You freeze the orc knight.
You kill the orc knight!
The orc warrior hits you with a +0 halberd!
* * * LOW HITPOINT WARNING * * *
Okay, then.
Unknown command.
You see here a +0 club.
Things that are here:
a +0 dagger; a +0 leather armour You closely miss the orc warrior.
You block the orc warrior's attack.
You closely miss the orc warrior. You closely miss the orc warrior.
The orc warrior hits you but does no damage.
You puncture the orc warrior! You freeze the orc warrior.
The orc warrior is heavily wounded.
The orc warrior hits you with a +0 glaive!!
You die...

.............
.............#..
................ ...
............... #...
......... .... #....
........# ..# #####....
......))##^#### ##.##.....
#...#..)o.###.###.........
.#.....)o@.....#..........
.$............#.#.......#.
.......$.....#.......).)..
......_......#.....#).)...
.........#....#.......)>..
.........#.#.#........[...
....#......#.............
....#.##..#.............
...### .................


You could see 2 orc warriors.

Vanquished Creatures
  Snorg (D:10)
  5 hydras
  Fannar (D:11)
  Erica (D:9)
  A boulder beetle (Lair:5)
  A catoblepas (Lair:5)
  A two-headed ogre (D:11)
  4 death yaks (Lair:5)
  4 skysharks
  A goliath frog (Lair:5)
  A swamp dragon (Lair:5)
  An orc knight (Orc:1)
  An orc sorcerer (Orc:1)
  2 cyclopes (D:11)
  2 manticores
  10 elephants (Lair:3)
  7 black mambas
  An eye of devastation (Lair:5)
  A torpor snail (Lair:5)
  17 cane toads
  3 rime drakes
  7 komodo dragons
  2 burning bushes (Lair:4)
  2 polar bears
  A troll (D:11)
  A hornet (D:11)
  A wind drake (Lair:2)
  2 tyrant leeches (Lair:5)
  9 blink frogs (Lair:5)
  5 wyverns
  A vampire (D:8)
  3 basilisks
  A shadow (D:10)
  23 yaks
  Grum (D:9)
  2 steam dragons (D:9)
  11 vampire mosquitoes
  3 nagas (Lair:2)
  A warg (Orc:1)
  An acid dragon (D:8)
  A floating eye (Lair:5)
  9 water moccasins
  A black bear (D:5)
  14 orc warriors
  2 wolves (D:9)
  2 ogres (Orc:2)
  6 centaurs
  A phantom (D:6)
  3 kobold brigands
  10 bullfrogs
  2 gnoll sergeants (D:5)
  3 scorpions
  15 wights
  3 killer bees (D:9)
  5 howler monkeys (D:9)
  2 electric eels (D:11)
  3 hounds
  2 jellies
  8 orc priests
  2 gnoll boudas
  5 iguanas
  4 sleepcaps
  17 orc wizards
  23 gnolls
  10 adders
  A shadow imp (D:6)
  A white imp (D:7)
  An ufetubus (D:5)
  2 worms (D:2)
  2 dart slugs
  65 orcs
  7 endoplasms
  2 giant cockroaches
  10 goblins
  6 hobgoblins
  8 jackals
  16 kobolds
  3 quokkas
  3 ball pythons
  6 bats
  4 frilled lizards
  6 rats
439 creatures vanquished.

Vanquished Creatures (others)
  A human (D:7)
  An orc wizard (D:11)
  2 kobolds (D:9)
  21 fungi
  78 plants
  4 withered plants (Lair:4)
107 creatures vanquished.

Grand Total: 546 creatures vanquished

Notes
Turn   | Place    | Note
-------+----------+-------------------------------------------
     0 | D:1      | cforsyth the Formicid Fighter began the quest for the Orb.
     0 | D:1      | Reached XP level 1. HP: 18/18 MP: 1/1
   224 | D:1      | Reached XP level 2. HP: 23/24 MP: 2/2
   689 | D:2      | Reached skill level 3 in Maces & Flails
   689 | D:2      | Reached XP level 3. HP: 19/30 MP: 3/3
   915 | D:2      | Reached XP level 4. HP: 36/37 MP: 4/4
  1050 | D:2      | Identified the +6 ring mail "Vausot" {Drain rPois Will+}
  1546 | D:3      | Reached skill level 4 in Maces & Flails
  1608 | D:3      | Reached XP level 5. HP: 42/42 MP: 5/5
  1690 | D:3      | Found a transporter.
  1692 | D:3      | Noticed Rendar's ghost (weakling DsGl)
  1697 | D:3      | Found a transporter.
  1900 | D:3      | Found a basalt altar of Yredelemnul.
  2042 | D:4      | Reached skill level 5 in Maces & Flails
  2042 | D:4      | Reached XP level 6. HP: 49/49 MP: 6/6
  2160 | D:4      | Found a bloodstained altar of Trog.
  2369 | D:4      | Identified the +1 robe "Vyleh" {Will+}
  2378 | D:4      | Found a sacrificial altar of Ru.
  2562 | D:4      | Became a worshipper of Ru the Awakened
  2611 | D:5      | Entered Level 5 of the Dungeon
  2662 | D:5      | Reached skill level 5 in Fighting
  2751 | D:5      | Noticed a black bear
  2787 | D:5      | Killed a black bear
  2788 | D:5      | Reached XP level 7. HP: 37/56 MP: 7/7
  3016 | D:5      | Found a hide-covered altar of Uskayaw.
  3039 | D:5      | Reached skill level 6 in Maces & Flails
  3811 | D:5      | Identified the +9 plate armour "Viuc Larr" {Int+6}
  4291 | D:5      | Reached skill level 7 in Maces & Flails
  4298 | D:5      | Reached XP level 8. HP: 52/54 MP: 8/8
  4406 | D:5      | Found an ornate altar of the Wu Jian Council.
  4971 | D:6      | Reached skill level 8 in Maces & Flails
  5314 | D:6      | Found a staircase to the Ecumenical Temple.
  5786 | D:6      | Reached XP level 9. HP: 69/72 MP: 9/9
  5981 | D:7      | Reached skill level 9 in Maces & Flails
  6036 | D:7      | Found a blossoming altar of Fedhas.
  6038 | D:7      | Found a radiant altar of Vehumet.
  6162 | D:7      | Found an ancient bone altar of Kikubaaqudgha.
  6799 | D:8      | Reached skill level 10 in Maces & Flails
  6962 | D:8      | Found Juuchyezan's General Store.
  7383 | D:8      | Reached XP level 10. HP: 80/82 MP: 10/10
  7470 | D:8      | Reached skill level 11 in Maces & Flails
  7719 | D:9      | Identified a scroll of acquirement
  7719 | D:9      | Acquired 785 gold pieces
  7761 | D:9      | Noticed Erica
  7774 | D:9      | Killed Erica
  7921 | D:9      | Reached skill level 12 in Maces & Flails
  8193 | D:9      | Noticed Grum
  8196 | D:9      | Reached skill level 10 in Fighting
  8205 | D:9      | Killed Grum
  8278 | D:9      | Found a flagged portal.
  8287 | Bailey   | Entered a bailey
  8979 | D:9      | Found a staircase to the Lair.
  9007 | D:10     | Entered Level 10 of the Dungeon
  9022 | D:10     | Identified the ring "Ytivuoly" {Fire Str+3}
  9118 | D:10     | Reached XP level 11. HP: 56/92 MP: 11/11
  9394 | D:10     | Found an iron altar of Okawaru.
  9401 | D:10     | Identified the +8 trident "Fohaora" {heavy, rCorr}
  9414 | D:10     | Noticed Snorg
  9428 | D:9      | Reached skill level 13 in Maces & Flails
 10022 | D:11     | Noticed a manticore
 10474 | D:11     | Killed a manticore
 10746 | D:11     | Noticed a cyclops
 10760 | D:11     | Killed a cyclops
 10785 | D:11     | Noticed Fannar
 10808 | D:11     | Killed Fannar
 10809 | D:11     | Reached skill level 14 in Maces & Flails
 10814 | D:11     | Noticed a cyclops
 11030 | D:11     | Noticed a two-headed ogre
 11050 | D:11     | Killed a two-headed ogre
 11277 | D:11     | Killed a cyclops
 11515 | D:11     | Found a staircase to the Orcish Mines.
 11624 | D:10     | Killed Snorg
 12002 | Lair:1   | Entered Level 1 of the Lair of Beasts
 12063 | Lair:1   | Noticed a seven-headed hydra
 12069 | Lair:1   | Killed a seven-headed hydra
 12070 | Lair:1   | Reached XP level 12. HP: 82/102 MP: 12/12
 12076 | Lair:1   | Reached skill level 15 in Maces & Flails
 13276 | Lair:2   | Found a staircase to the Snake Pit.
 13608 | Lair:2   | Found a staircase to the Shoals.
 14481 | Lair:3   | Reached skill level 16 in Maces & Flails
 15697 | Lair:3   | Reached XP level 13. HP: 110/111 MP: 13/13
 15869 | Lair:4   | Reached skill level 17 in Maces & Flails
 16617 | Lair:5   | Entered Level 5 of the Lair of Beasts
 16650 | Lair:5   | Noticed an eight-headed hydra
 16660 | Lair:5   | Killed an eight-headed hydra
 16869 | Lair:5   | Noticed a catoblepas
 16891 | Lair:5   | Killed a catoblepas
 17452 | Lair:5   | Reached skill level 18 in Maces & Flails
 18024 | Lair:5   | Reached XP level 14. HP: 26/121 MP: 14/14
 18327 | Lair:5   | Found a staircase to the Slime Pits.
 18525 | Lair:4   | Reached skill level 15 in Fighting
 19089 | Lair:5   | Reached skill level 19 in Maces & Flails
 20111 | Lair:5   | Identified the +7 hand axe "Trog's Hatred" {heavy, rN+++
                  | Str+4 Int-5 Dex+3}
 20584 | Orc:1    | Entered Level 1 of the Orcish Mines
 20735 | Orc:2    | Entered Level 2 of the Orcish Mines
 20961 | Orc:2    | Found a staircase to the Elven Halls.
 21377 | Orc:1    | Demolished by an orc warrior

Illustrated notes

Levels and vault maps discovered:
D:1:      saegor_arrival_under_anarchy, layout_loops_ring
D:2:      layout_loops_ring, hex_medium, chequers_serial_rivers_small_3,
          grunt_decor_fettered, minmay_tetromino_s2
D:3:      layout_basic, mainiacjoe_overflow_alcove_1, gammafunk_ghost_mausoleum
D:4:      layout_cave_pools, mainiacjoe_overflow_tiny_flanked,
          lemuel_coloured_pillars_altar
D:5:      layout_basic, mainiacjoe_overflow_catwalk_spiral
D:6:      dreamdust_elfheim, layout_gridville, minmay_temple_entry_sparse_star,
          minmay_door_square, minivault_26
D:7:      layout_loops_ring, tgw_kikubaaqudgha, grunt_temple_overflow_open,
          nicolae_benzene_ring
D:8:      layout_basic, serial_shops, nicolae_take_the_stairs
D:9:      layout_gridville, lair_entry_dummy, enter_bailey_3, uniq_grum,
          uniq_erica
D:10:     layout_cave_pools, nicolae_overflow_crystal_walls, uniq_snorg
D:11:     layout_rooms, erik_orc_2, nrook_pool_corridor, uniq_fannar
Lair:1:   layout_cave_pods, dreamdust_gnoll_shepherd, lemuel_fruit_tree,
          grunt_megastairs_1
Lair:2:   layout_small_grid, minmay_shoals_entry_beasts,
          minmay_snake_entry_guardpost_small
Lair:3:   layout_layer_cave, minmay_hedge_maze
Lair:4:   layout_regular_city, nicolae_lair_lil_pond,
          pdpol_lair_neglected_garden, evilmike_ambush
          [evilmike_ambush_outer_basic, evilmike_ambush_inner_basic]
Lair:5:   minmay_lair_end_frog_pond, layout_cave_pods, minmay_slime_entry_eyes,
          pond
Orc:1:    layout_caves, basic_altar, hellmonk_bongcloud_opening
Orc:2:    kennysheep_orc_mage_school, layout_caves, nicolae_orc_rich_vein,
          uniq_donald

Skill      XL: |  1  2  3  4  5  6  7  8  9 10 11 12 13 14 |
---------------+-------------------------------------------+-----
Maces & Flails | 3 4 5 7 8 10 12 14 16 18 19 | 19.7
Fighting       | 4 5 6 7 8 10 12 13 14 15 | 15.7
Armour         | |  3.6
Shields        | |  4.4

Action                     |  1- 3 |  4- 6 |  7- 9 | 10-12 | 13-15 || total
---------------------------+-------+-------+-------+-------+-------++-------
  Melee: Flail             |    77 |   166 |   207 |       |       ||   450
         Morningstar       |       |       |   114 |   500 |   595 ||  1209
  Evoke: Wand              |       |       |       |     8 |       ||     8
    Use: Potion            |       |       |     1 |     5 |     7 ||    13
         Scroll            |       |       |     5 |    13 |       ||    18
   Stab: Invisible         |       |       |       |       |     2 ||     2
 Armour: Scale mail        |    60 |       |       |       |       ||    60
         Ring mail         |       |   102 |    25 |       |       ||   127
         Plate armour      |       |       |   152 |   331 |   427 ||   910
  Dodge: Dodged            |    43 |   116 |    81 |   107 |   128 ||   475
  Block: Buckler           |    24 |    56 |   187 |   272 |   279 ||   818
         Reflection        |       |       |     5 |    17 |     6 ||    28

Table legend: (Time is in decaauts)
 A = Elapsed time spent in this place.
 B = Non-inter-level travel time spent in this place.
 C = Inter-level travel time spent in this place.
 D = Time resting spent in this place.
 E = Time spent auto-exploring this place.
 F = Levels seen in this place.
 G = Mean time per level.
                   A        B        C        D        E       F      G
               +--------+--------+--------+--------+--------+-----+--------+
         Total |  21273 |  20390 |    883 |   3731 |  12415 |  19 | 1119.6 |
       Dungeon |  11576 |  10910 |    666 |   1971 |   6426 |  11 | 1052.4 |
          Lair |   8369 |   8184 |    185 |   1376 |   5504 |   5 | 1673.8 |
  Orcish Mines |    758 |    728 |     30 |    180 |    331 |   2 |  379.0 |
        Bailey |    570 |    570 |      0 |    204 |    153 |   1 |  570.0 |
               +--------+--------+--------+--------+--------+-----+--------+

Top non-repeatable levels by time:
  Lair:5: 2438 daAuts
  Lair:4: 2099 daAuts
     D:5: 1830 daAuts
  Lair:3: 1554 daAuts
     D:4: 1459 daAuts
    D:10: 1370 daAuts
  Lair:2: 1224 daAuts
    D:11: 1186 daAuts
     D:9: 1076 daAuts
     D:8: 1067 daAuts
  Lair:1: 1053 daAuts
     D:2: 877 daAuts
     D:7: 854 daAuts
     D:6: 758 daAuts
     D:1: 685 daAuts
